 Dungeon Crawl Stone Soup version 0.24.0-123-gd5b16e6ec5 (webtiles) character file.

Game seed: 6819485553037050694, levelgen mode: deterministic

3436 Freitmort the Thaumaturge (level 9, -4/46 HPs)
             Began as a Deep Elf Fire Elementalist on Jan 31, 2020.
             Was a Follower of Vehumet.
             Slain by Harold
             ... wielding a +0 glaive
              (19 damage)
             ... on level 9 of the Dungeon on Feb 3, 2020.
             The game lasted 00:58:45 (11454 turns).

Freitmort the Thaumaturge (DEFE)                   Turns: 11454, Time: 00:58:46

Health: -4/46      AC:  6    Str:  7    XL:     9   Next: 77%
Magic:  4/25       EV: 15    Int: 22    God:    Vehumet [*.....]
Gold:   199        SH:  0    Dex: 18    Spells: 17/29 levels left

rFire    . . .     SeeInvis .   p - +0 whip of the Neverending Deaths {drain, MR+ Dex+3}
rCold    . . .     Gourm    .   (no shield)
rNeg     . . .     Faith    .   a - +0 robe
rPois    .         Spirit   .   (no helmet)
rElec    .         Reflect  .   i - +1 cloak
rCorr    .         Harm     .   (no gloves)
MR       +....                  o - +1 pair of boots
Stlth    +++.......             (no amulet)
HPRegen  0.15/turn              b - ring of wizardry
MPRegen  0.19/turn              (no ring)

@: marked
A: no striking features
a: Renounce Religion


You were on level 9 of the Dungeon.
You worshipped Vehumet.
Vehumet was aware of your devotion.
You were not hungry.

You visited 2 branches of the dungeon, and saw 10 of its levels.
You also visited: Ossuary.

You collected 443 gold pieces.
You spent 244 gold pieces at shops.

Inventory:

Hand Weapons
 e - a +0 dagger of speed
 n - a +1 dagger of electrocution
 p - the +0 whip of the Neverending Deaths (weapon) {drain, MR+ Dex+3}
   (You found it on level 8 of the Dungeon)

   A truly terrible weapon, it drains the life of those it strikes.
   It affects your dexterity (+3).
   It affects your resistance to hostile enchantments.
Armour
 a - a +0 robe (worn)
 i - a +1 cloak (worn)
 o - a +1 pair of boots (worn)
Jewellery
 b - a ring of wizardry (left hand)
Wands
 r - a wand of iceblast (9)
 t - a wand of digging (7)
Scrolls
 d - 4 scrolls of fog
 h - 4 scrolls of amnesia
 j - 4 scrolls of remove curse
 l - 3 scrolls of noise
 s - 2 scrolls of identify
 u - a scroll of enchant armour
 v - a scroll of teleportation {unknown}
Potions
 f - 2 potions of curing
 g - a potion of cancellation
 k - 3 potions of magic
 m - a potion of invisibility
 q - a potion of haste
Comestibles
 c - 20 rations


   Skills:
 + Level 0.9 Fighting
 + Level 4.2 Dodging
 + Level 4.4 Stealth
 + Level 10.9 Spellcasting
 + Level 8.3 Conjurations
 + Level 8.5 Fire Magic


You had 17 spell levels left.
You knew the following spells:

 Your Spells              Type           Power        Failure   Level  Hunger
a - Flame Tongue          Conj/Fire      #####        1%          1    None
b - Throw Flame           Conj/Fire      #####.       1%          2    None
c - Sticky Flame          Conj/Fire      #####...     1%          4    #......
d - Fireball              Conj/Fire      #####.....   1%          5    ####...

Your spell library contained the following spells:

 Spells                   Type           Power        Failure   Level  Hunger
 Shock                    Conj/Air       ####         1%          1    None
 Conjure Flame            Conj/Fire      #####...     1%          3    None
 Inner Flame              Hex/Fire       ####....     1%          3    None


Dungeon Overview and Level Annotations

Branches:
Dungeon (9/15)             Temple (1/1) D:6         Ossuary (visited)
   Lair: D:8-11         Orc: D:9-12

Altars:
Ashenzari
Cheibriados
Dithmenos
Elyvilon
Fedhas
Gozag
Hepliaklqana
Kikubaaqudgha
Makhleb
Nemelex Xobeh
Okawaru
Qazlal
Ru
Sif Muna
Trog
Uskayaw
Vehumet
Wu Jian
Xom
Yredelemnul
Zin
The Shining One

Shops:
D:6 [**

Annotations:
D:3 exclusion: big kobold
D:9 Harold


Message History

Aiming: Fireball (safe; 1% risk of failure)
Press: ? - help, Shift-Dir - straight line, f/p - Harold
Aim: Harold, wielding a +0 glaive and wearing a +0 ring mail (severely wounded)
The fireball explodes!
The fireball engulfs Harold!
Harold is almost dead.
Harold gestures at you while chanting. The harpoon shot hits you!
You are yanked forward by the harpoon shot.
Harold hits you from afar with a +0 glaive!!
A quokka comes into view.
Harold casts a spell at you. The mark upon you grows brighter.
Harold asks, "Do you mind if I name my boat the 'Freitmort'?
Your head will be paying for it, after all."
Harold points at you and mumbles some strange words.
The mark upon you grows brighter.
Harold points at you and mumbles some strange words.
The harpoon shot hits you.
You are yanked forward by the harpoon shot.
Harold hits you from afar with a +0 glaive!!
You die...

######### ........#
........#####
............######
.<........#.†....#
.......<#.######.#
........#....# #.#
############.###@###
######### #..##...#
#...?...#
##..@##.####.......#
###r.......(......#
#####.......##
#####....# #..#....#
#...####...# #.#..
#..


You could see Harold and a quokka.

Vanquished Creatures
  A two-headed ogre (D:7)
  Psyche (D:8)
  A vampire (D:9)
  An orc warrior (D:8)
  A necrophage (D:8)
  4 ogres
  4 centaurs
  5 bullfrogs
  2 scorpions
  2 howler monkeys (D:5)
  A crimson imp (D:6)
  A centaur zombie (D:5)
  4 hounds
  2 jellies
  3 orc priests
  2 iguanas (D:7)
  5 orc wizards
  4 worker ants
  2 hound skeletons
  2 worker ant zombies
  A howler monkey zombie (D:8)
  9 gnolls
  5 adders
  3 adder zombies
  An ooze (D:7)
  An adder skeleton (D:4)
  4 worms
  3 dart slugs (D:2)
  2 leopard geckos
  37 orcs
  5 giant cockroaches
  7 goblins
  7 hobgoblins
  14 jackals
  15 kobolds
  4 quokkas
  2 ball pythons
  5 bats
  6 frilled lizards
  A leopard gecko skeleton (D:6)
  A quokka zombie (D:7)
  6 rats
187 creatures vanquished.

Notes
Turn   | Place    | Note
-------+----------+-------------------------------------------
     0 | D:1      | Freitmort the Deep Elf Fire Elementalist began the quest
                  | for the Orb.
     0 | D:1      | Reached XP level 1. HP: 10/10 MP: 6/6
   280 | D:1      | Reached XP level 2. HP: 15/15 MP: 5/8
   469 | D:1      | Learned a level 2 spell: Throw Flame
  1118 | D:2      | You fall into a shaft and drop 1 floor!
  1190 | D:2      | Reached XP level 3. HP: 19/19 MP: 5/9
  1410 | D:2      | Found a shimmering blue altar of Sif Muna.
  1711 | D:2      | Reached skill level 4 in Spellcasting
  1955 | D:2      | Reached XP level 4. HP: 24/24 MP: 7/12
  1997 | D:2      | Learned a level 4 spell: Sticky Flame
  2734 | D:3      | Noticed an ogre
  2820 | D:3      | Killed an ogre
  2820 | D:3      | Reached skill level 5 in Spellcasting
  2820 | D:3      | Reached XP level 5. HP: 28/28 MP: 0/14
  3703 | D:4      | Reached XP level 6. HP: 33/33 MP: 12/15
  3799 | D:4      | Reached skill level 5 in Fire Magic
  4041 | D:4      | Found an opulent altar of Gozag.
  4668 | D:4      | Found a basalt altar of Yredelemnul.
  4668 | D:4      | Found a glowing silver altar of Zin.
  4698 | D:5      | Entered Level 5 of the Dungeon
  5098 | D:5      | Reached skill level 6 in Spellcasting
  5281 | D:5      | Reached XP level 7. HP: 37/37 MP: 8/18
  5350 | D:5      | Found a glowing silver altar of Zin.
  5359 | D:5      | Found a burning altar of Makhleb.
  5359 | D:5      | Noticed a cacodemon
  5605 | D:5      | Noticed a +0 dagger
  5606 | D:5      | Found a hide-covered altar of Uskayaw.
  5606 | D:5      | Noticed a +0 dagger
  6316 | D:5      | Reached skill level 7 in Spellcasting
  6465 | D:5      | Learned a level 5 spell: Fireball
  6860 | D:6      | Reached skill level 5 in Conjurations
  6867 | D:6      | Found Ukhetsank's General Store.
  7021 | D:6      | Found a sand-covered staircase.
  7028 | Ossuary  | Entered an ossuary
  7176 | D:6      | Reached XP level 8. HP: 42/42 MP: 14/21
  7221 | D:6      | Found Zecs's Antique Armour Emporium.
  7229 | D:6      | Bought an embroidered cloak for 202 gold pieces
  7360 | D:6      | Found a staircase to the Ecumenical Temple.
  7370 | Temple   | Entered the Ecumenical Temple
  7378 | Temple   | Became a worshipper of Vehumet
  7518 | D:6      | Reached skill level 8 in Spellcasting
  7763 | D:6      | Found Bawoqaeg's General Store.
  7774 | D:6      | Bought 3 scrolls of noise for 42 gold pieces
  8069 | D:6      | Found an ancient bone altar of Kikubaaqudgha.
  9065 | D:7      | Reached skill level 9 in Spellcasting
  9140 | D:7      | Reached * piety under Vehumet
  9140 | D:7      | Offered knowledge of Shock by Vehumet.
 10079 | D:8      | HP: 2/42 [iguana (11)]
 10082 | D:7      | Reached XP level 9. HP: 26/46 MP: 12/24
 10277 | D:8      | Got a translucent whip
 10278 | D:8      | Identified the cursed +0 whip of the Neverending Deaths
                  | {drain, MR+ Dex+3} (You found it on level 8 of the Dungeon)
 10280 | D:8      | Noticed Psyche
 10284 | D:8      | Killed Psyche
 10284 | D:8      | Reached skill level 10 in Spellcasting
 10290 | D:8      | Noticed a two-headed ogre
 10694 | D:7      | Killed a two-headed ogre
 11108 | D:8      | Found a bloodstained altar of Trog.
 11428 | D:9      | Noticed Harold
 11454 | D:9      | Slain by Harold

Levels and vault maps discovered:
D:1:      tarquinn_simple_flora_water_f, layout_basic, minmay_misc_feat_enclosed
D:2:      minmay_chambers_of_ones, layout_rooms, old_standard_altar
D:3:      cheibrodos_thug_alley, layout_basic, first_ration
D:4:      layout_cave_pools, minitemple
D:5:      layout_basic, dancing_weapons_uskayaw, makhleb_altar_promises_db,
          basic_altar, supply_closet_lemuel
D:6:      layout_gridville, kennysheep_mini, lemuel_temple_firewalk_b,
          serial_shops, shop, nicolae_shop_behind_doors, shop, enter_ossuary_2,
          lemuel_flame_loot_1
D:7:      layout_loops_corners
D:8:      layout_cave_pools, nicolae_overflow_crystal_walls, uniq_psyche
D:9:      layout_rooms, hangedman_fish_farm, st_stairs_11, uniq_harold
Temple:   eino_temple_lava

Skill      XL: |  1  2  3  4  5  6  7  8  9 |
---------------+----------------------------+-----
Fire Magic     | 4 5 6 7 8 |  8.5
Spellcasting   | 4 5 6 7 9 10 | 10.9
Conjurations   | 2 3 4 5 6 8 |  8.3
Stealth        | 3 4 |  4.4
Dodging        | 3 4 |  4.2
Fighting       | |  0.9

Action                   |  1- 3 |  4- 6 |  7- 9 || total
-------------------------+-------+-------+-------++-------
Melee: Dagger            |       |     3 |     2 ||     5
 Cast: Flame Tongue      |    64 |    47 |     1 ||   112
       Throw Flame       |     7 |    91 |   157 ||   255
       Sticky Flame      |       |     4 |    22 ||    26
       Fireball          |       |       |    20 ||    20
  Use: Scroll            |       |    13 |     5 ||    18
       Potion            |       |       |     1 ||     1
  Eat: Chunk             |     3 |    11 |    11 ||    25
       Ration            |       |       |     4 ||     4
Armor: Robe              |     3 |     4 |    15 ||    22
Dodge: Dodged            |    15 |    16 |    26 ||    57
